 Dungeon Crawl Stone Soup version 0.22-a0-880-gb7b0c8b (webtiles) character file.

77 Kuinu the Firebug (level 4, -4/33 HPs)
             Began as a Draconian Fire Elementalist on July 30, 2018.
             Slain by a gnoll
             ... wielding a +0 spear
              (6 damage)
             ... on level 2 of the Dungeon.
             The game lasted 00:05:28 (1997 turns).

Kuinu the Firebug (Draconian Fire Elementalist)     Turns: 1997, Time: 00:05:29

Health: -4/33      AC:  5    Str: 21    XL:     4   Next: 13%
Magic:  0/8        EV: 12    Int: 17    God:
Gold:   47         SH:  0    Dex: 11    Spells: 5/8 levels left

rFire    . . .     SeeInvis .   a - -1 short sword (curse)
rCold    . . .     Gourm    .   (no shield)
rNeg     . . .     Faith    .   (armour unavailable)
rPois    .         Spirit   .   (helmet restricted)
rElec    .         Reflect  .   (no cloak)
rCorr    .         Harm     .   (no gloves)
MR       .....                  (no boots)
Stlth    ++........             (no amulet)
HPRegen  0.11/turn              h - +5 ring of strength
MPRegen  0.11/turn              i - +6 ring of strength

@: no status effects
A: unfitting armour, cold-blooded, AC +5
a: no special abilities


You were on level 2 of the Dungeon.
You were not hungry.

You visited 1 branch of the dungeon, and saw 2 of its levels.

You collected 47 gold pieces.

Inventory:

Hand Weapons
 a - a cursed -1 short sword (weapon)
 c - a +0 short sword
 e - a +0 dagger
Jewellery
 h - a +5 ring of strength (left hand)
 i - a +6 ring of strength (right hand)
Scrolls
 d - a scroll of random uselessness {unknown}
 f - a scroll of identify {unknown}
Potions
 g - 2 potions of heal wounds {unknown}
 j - a potion of might {unknown}
Comestibles
 b - 2 rations
 k - 5 chunks of flesh


   Skills:
 - Level 1.7 Dodging
 + Level 2.3 Stealth
 * Level 2.7 Spellcasting
 * Level 2.2 Conjurations
 * Level 3.6 Fire Magic


You had 5 spell levels left.
You knew the following spells:

 Your Spells              Type           Power        Failure   Level  Hunger
a - Flame Tongue          Conj/Fire      ##...        5%          1    #......
b - Throw Flame           Conj/Fire      ##....       9%          2    ##.....

Your spell library contained the following spells:

 Spells                   Type           Power        Failure   Level  Hunger
 Fireball                 Conj/Fire      ##........   83%         5    ######.
 Conjure Flame            Conj/Fire      ##......     16%         3    ###....
 Sticky Flame             Conj/Fire      ##......     47%         4    #####..
 Inner Flame              Hex/Fire       #.......     26%         3    ###....


Dungeon Overview and Level Annotations

Branches:
Dungeon (2/15)

Altars:


Innate Abilities, Weirdness & Mutations

Your plain brown scales are hard. (AC +5)
You cannot fit into any form of body armour.
You are cold-blooded and may be slowed by cold attacks.


Message History

Things that are here:
a whip; a flail; a gnoll corpse
Casting: Flame Tongue (safe; 5% risk of failure)
Confirm with . or Enter, or press ? or * to list all spells.
Aiming: Flame Tongue (safe; 5% risk of failure)
Press: ? - help, Shift-Dir - straight line, f - gnoll
Aim: a gnoll, wielding a spear The flame tongue hits the gnoll.
The gnoll is moderately wounded.
The gnoll hits you with a spear.
Casting: Flame Tongue (safe; 5% risk of failure)
Confirm with . or Enter, or press ? or * to list all spells.
You don't have enough magic to cast that spell.
Unknown command.
You barely miss the gnoll. You tail-slap the gnoll.
The gnoll is heavily wounded.
The gnoll hits you with a spear!
* * * LOW HITPOINT WARNING * * *
The gnoll hits you from afar with a spear.
You die...

### ##########.##
........รท.#.#
........##.#######
#.#####.##.......#
#.########.### #.#
#.....#
##.#####@######.###.#
...lKgg)........# #.#
#..#####.######.###.#
#.# #.....# ..#
#.##.## #.# #.##.#
#.# #.##.# #.# #.##.#
#.# #.##.#


You could see 2 gnolls, a kobold and a frilled lizard.

Vanquished Creatures
  2 gnolls (D:2)
  3 oozes
  A leopard gecko (D:2)
  2 bats (D:1)
  9 goblins
  8 hobgoblins
  2 jackals (D:1)
  6 kobolds
  A ball python (D:2)
  A frilled lizard (D:1)
  7 rats (D:1)
42 creatures vanquished.

Notes
Turn   | Place    | Note
-------+----------+-------------------------------------------
     0 | D:1      | Kuinu the Draconian Fire Elementalist began the quest for the Orb.
     0 | D:1      | Reached XP level 1. HP: 14/14 MP: 3/3
   243 | D:1      | Reached XP level 2. HP: 20/20 MP: 0/5
   426 | D:1      | Learned a level 2 spell: Throw Flame
   879 | D:1      | Reached XP level 3. HP: 26/26 MP: 2/6
  1978 | D:2      | Reached XP level 4. HP: 33/33 MP: 0/8
  1997 | D:2      | Slain by a gnoll

Vault maps used:
D:1:      erik_arrival_gehennom
D:2:      overflow_temple_1_default, nicolae_overflow_hidden_temple,
          minmay_small_reverse_x, uniq_natasha, uniq_terence

Skill      XL: |  1  2  3 |
---------------+----------+-----
Stealth        | 2 |  2.3
Conjurations   | 2 |  2.2
Dodging        | |  1.7
Spellcasting   | |  2.7
Fire Magic     | |  3.6

Action                   |  1- 3 |  4- 6 || total
-------------------------+-------+-------++-------
Melee: Unarmed           |     5 |       ||     5
       Short sword       |    26 |    10 ||    36
       Tailslap          |     7 |     1 ||     8
       Dagger            |     2 |       ||     2
 Cast: Flame Tongue      |    48 |     2 ||    50
       Throw Flame       |     6 |       ||     6
  Eat: Chunk             |     4 |       ||     4
Armor: Skin              |     8 |     6 ||    14
Dodge: Dodged            |    34 |     6 ||    40

Table legend:
 A = Spawn XP
 B = Non-spawn XP
 C = Spawn XP percentage of total XP
 D = Spawn monster count
 E = Non-spawn monster count
 F = Spawn count percentage of total count
 G = Total turns spent on level
                    A         B        C        D         E        F      G
               +---------+---------+-------+---------+---------+-------+---------
         Total |       0 |     110 |   0.0 |       0 |      42 |   0.0 |  1997
               +---------+---------+-------+---------+---------+-------+---------
           D:1 |       0 |      65 |   0.0 |       0 |      34 |   0.0 |  1907
           D:2 |       0 |      45 |   0.0 |       0 |       8 |   0.0 |    90
               +---------+---------+-------+---------+---------+-------+---------
